 Dungeon Crawl Stone Soup version 0.28-a0-664-gc179e30c89 (webtiles) character file.

Game seed: 17326368794191024234

247 acebull12 the Magician (level 6, -8/42 HPs)
             Began as a Djinni Fire Elementalist on Oct 17, 2021.
             Mangled by Duvessa (18 damage)
             ... on level 4 of the Dungeon.
             The game lasted 00:04:35 (2067 turns).

acebull12 the Magician (Djinni Fire Elementalist)   Turns: 2067, Time: 00:04:35

Health: -8/42      AC:  2    Str:  7    XL:     6   Next: 33%
Gold:   31         EV: 12    Int: 18    God:
                   SH:  0    Dex: 14

rFire   + + +      SeeInvis .   c - staff of fire
rCold   x . .      Faith    .   (no shield)
rNeg    . . .      Spirit   .   a - +0 robe
rPois   ∞          Reflect  .   (no helmet)
rElec   .          Harm     .   (no cloak)
rCorr   .          Rampage  .   (no gloves)
Will    .....                   (boots unavailable)
Stlth   ++........              (no amulet)
HPRegen 0.14/turn               (no ring)
MPRegen 0.00/turn               (no ring)

@: flying
A: sickness immunity, fire resistance 2, cold vulnerability 1, float, innate
caster, hp casting, extra vitality 1
a: no special abilities


You were on level 4 of the Dungeon.
You visited 1 branch of the dungeon, and saw 3 of its levels.

You collected 31 gold pieces.

Inventory:

Armour
 a - a +0 robe (worn)
Magical Staves
 c - a staff of fire (weapon)
Scrolls
 e - a scroll of fear {unknown}
 f - 2 scrolls of enchant armour {unknown}
 g - a scroll of identify {unknown}
 i - a scroll of vulnerability {unknown}
Potions
 b - a potion of curing {unknown}
 d - a potion of attraction {unknown}
 h - a potion of might {unknown}


   Skills:
 * Level 1.5 Fighting
 + Level 2.4 Dodging
 + Level 1.9 Stealth
 * Level 4.7 Spellcasting


You couldn't memorise any spells.
You knew the following spells:

 Your Spells              Type           Power      Damage    Failure   Level
a - Foxfire               Conj/Fire      100%       2x1d9     1%          1
b - Scorch                Fire           64%        2d8       3%          2
c - Conjure Flame         Conj/Fire      32%        6-21      6%          3
d - Inner Flame           Hex/Fire       32%        N/A       6%          3
e - Flame Wave            Conj/Fire      32%        3d7       19%         4
f - Apportation           Tloc           42%        N/A       1%          1
g - Blink                 Tloc           N/A        N/A       3%          2
Your spell library was empty.

Dungeon Overview and Level Annotations

Branches:
Dungeon (2/15)

Altars:

Annotations:
D:4 Duvessa


Innate Abilities, Weirdness & Mutations

You are immune to sickness and miasma.
You are immune to poison.
Your flesh is very heat resistant. (rF++)
You are vulnerable to cold. (rC-)
You float through the air rather than walking.
You learn spells naturally, not from books.
Your magical power is your life essence.
You have superior vitality. (+4 HP)


Message History

Casting: Blink (safe; 3% risk of failure)
Confirm with . or Enter, or press ? or * to list all spells.
You feel a surge of power!
You conjure some foxfire!
The foxfire hits Duvessa but does no damage.
Casting: Foxfire (safe; 1% risk of failure)
Confirm with . or Enter, or press ? or * to list all spells.
You blink.
The foxfire hits Duvessa but does no damage.
Casting: Blink (safe; 3% risk of failure)
Confirm with . or Enter, or press ? or * to list all spells.
You feel a surge of power!
You conjure some foxfire!
Casting: Foxfire (safe; 1% risk of failure)
Confirm with . or Enter, or press ? or * to list all spells.
Okay, then.
Your foxfire dissipates!
The foxfire hits Duvessa.
Duvessa is lightly wounded.
Your magical contamination has completely faded away.
Casting: Foxfire (safe; 1% risk of failure)
Confirm with . or Enter, or press ? or * to list all spells.
You feel a surge of power!
You conjure some foxfire!
Duvessa hits you with a +0 short sword!
Casting: Foxfire (safe; 1% risk of failure)
Confirm with . or Enter, or press ? or * to list all spells.
You blink.
The foxfire hits Duvessa but does no damage.
Duvessa is lightly wounded.
Casting: Blink (safe; 3% risk of failure)
Confirm with . or Enter, or press ? or * to list all spells.
You blink.
Casting: Blink (safe; 3% risk of failure)
Confirm with . or Enter, or press ? or * to list all spells.
You blink.
* * * LOW HITPOINT WARNING * * *
Casting: Blink (safe; 3% risk of failure)
Confirm with . or Enter, or press ? or * to list all spells.
You blink.
* * * LOW HITPOINT WARNING * * *
Duvessa hits you with a +0 short sword!!
You die...

#...........#
#.####.##+#.#
#.# +.+ #.#
#.# #.# #.#
#.#+##(####.#
#...........#
#.#+##.####.#
#.# +.+§.#.#
#.# #.#..#@#
#.####.##'#e#
#....)...)..#
#.####v##'#§#
#.#.)'.+..#.#
#.#..#)#.)#.#
#.#+##)####.#
#...........#
#.#+##)####.#


You could see Duvessa (berserk).

Vanquished Creatures
  A phantom (D:4)
  Blork the orc (D:4)
  Dowan (D:4)
  5 gnolls
  A dart slug (D:1)
  An orc (D:4)
  3 ball pythons (D:1)
  2 endoplasms
  A giant cockroach (D:1)
  2 hobgoblins (D:1)
  2 quokkas (D:1)
  A bat (D:1)
  A frilled lizard (D:1)
  A rat (D:1)
23 creatures vanquished.

Vanquished Creatures (others)
  134 foxfires
134 creatures vanquished.

Grand Total: 157 creatures vanquished

Notes
Turn   | Place    | Note
-------+----------+-------------------------------------------
     0 | D:1      | acebull12 the Djinni Fire Elementalist began the quest for
                  | the Orb.
     0 | D:1      | Reached XP level 1. HP: 15/15 MP: 0/0
   383 | D:1      | Reached XP level 2. HP: 12/21 MP: 0/0
   681 | D:1      | Reached skill level 3 in Spellcasting
   851 | D:1      | Reached XP level 3. HP: 21/26 MP: 0/0
   851 | D:1      | Learned a level 1 spell: Apportation
   993 | D:1      | You are sucked into a shaft and drop 1 floor!
  1012 | D:1      | Found a faded altar of an unknown god.
  1682 | D:2      | You are sucked into a shaft and drop 2 floors!
  1682 | D:4      | Noticed a phantom
  1689 | D:4      | Killed a phantom
  1690 | D:4      | Reached skill level 1 in Fighting
  1690 | D:4      | Reached XP level 4. HP: 24/32 MP: 0/0
  1784 | D:4      | Reached XP level 5. HP: 33/37 MP: 0/0
  1784 | D:4      | Learned a level 2 spell: Blink
  1789 | D:4      | Reached skill level 4 in Spellcasting
  1960 | D:4      | Noticed Blork the orc
  1971 | D:4      | Killed Blork the orc
  1972 | D:4      | Reached XP level 6. HP: 36/42 MP: 0/0
  2045 | D:4      | Noticed Dowan
  2051 | D:4      | Noticed Duvessa
  2054 | D:4      | Killed Dowan
  2067 | D:4      | Mangled by Duvessa

Illustrated notes

Levels and vault maps discovered:
D:1:      lemuel_arrival_broad_hall, layout_basic,
          shapermc_ecumenical_altar_pompeii
D:2:      layout_loops_ring
D:4:      minmay_door_path, layout_rooms, mainiacjoe_overflow_small_starburst,
          uniq_duvessa, uniq_sigmund, uniq_blork_the_orc

Skill      XL: |  1  2  3  4  5 |
---------------+----------------+-----
Spellcasting   | 3 4 |  4.7
Fighting       | 1 |  1.5
Dodging        | |  2.4
Stealth        | |  1.9

Action                   |  1- 3 |  4- 6 || total
-------------------------+-------+-------++-------
 Cast: Foxfire           |    63 |    32 ||    95
       Blink             |       |     6 ||     6
Dodge: Dodged            |       |     2 ||     2

Table legend: (Time is in decaauts)
 A = Elapsed time spent in this place.
 B = Non-inter-level travel time spent in this place.
 C = Inter-level travel time spent in this place.
 D = Time resting spent in this place.
 E = Time spent auto-exploring this place.
 F = Levels seen in this place.
 G = Mean time per level.
                   A        B        C        D        E       F      G
               +--------+--------+--------+--------+--------+-----+--------+
         Total |   2067 |   2046 |     21 |    125 |   1714 |   3 |  689.0 |
       Dungeon |   2067 |   2046 |     21 |    125 |   1714 |   3 |  689.0 |
               +--------+--------+--------+--------+--------+-----+--------+

Top non-repeatable levels by time:
     D:1: 1557 daAuts
     D:4: 384 daAuts
     D:2: 125 daAuts
